 Dungeon Crawl Stone Soup version 0.29.1-1-gd02db6906a (webtiles) character file.

Game seed: 3918655386788028270

11 MisterFreud the Covert (level 2, -4/29 HPs)
             Began as a Gnoll Delver on Sept 17, 2022.
             Was an Initiate of Yredelemnul.
             Shot with an arrow by a centaur (6 damage)
             ... on level 5 of the Dungeon.
             The game lasted 00:02:02 (819 turns).

MisterFreud the Covert (Gnoll Delver)                Turns: 819, Time: 00:02:03

Health: -4/29      AC:  3    Str: 11    XL:     2   Next: 25%
Magic:  2/2        EV: 13    Int:  9    God:    Yredelemnul [......]
Gold:   0          SH:  0    Dex: 13    Spells: 1/1 levels left

rFire   . . .      SeeInvis .   a - +0 short sword
rCold   . . .      Faith    .   (no shield)
rNeg    . . .      Spirit   .   b - +0 leather armour
rPois   .          Reflect  .   (no helmet)
rElec   .          Harm     .   (no cloak)
rCorr   .          Rampage  .   (no gloves)
Will    .....                   (no boots)
Stlth   ++++......              (no amulet)
HPRegen 0.09/turn               (no ring)
MPRegen 0.08/turn               (no ring)

@: no status effects
A: fangs 1, strong nose, distributed training
a: Renounce Religion, Recall Undead Harvest


You were on level 5 of the Dungeon.
You worshipped Yredelemnul.
Yredelemnul was noncommittal.
You visited 2 branches of the dungeon, and saw 5 of its levels.

Inventory:

Hand Weapons
 a - a +0 short sword (weapon)
Armour
 b - a +0 leather armour (worn)
Wands
 g - a wand of digging (3)
Scrolls
 c - a scroll of fog
 d - a scroll of magic mapping
 h - a scroll of acquirement {unknown}
Potions
 e - a potion of flight {unknown}
 f - a potion of haste


   Skills:
 + Level 6.4 Fighting
 + Level 4.4 Short Blades
 + Level 0.3 Long Blades
 + Level 0.3 Axes
 + Level 0.3 Maces & Flails
 + Level 0.3 Polearms
 + Level 0.3 Staves
 + Level 0.3 Ranged Weapons
 + Level 0.3 Throwing
 + Level 0.3 Armour
 + Level 4.4 Dodging
 + Level 9.5 Stealth
 + Level 0.3 Shields
 + Level 0.3 Unarmed Combat
 + Level 0.3 Spellcasting
 + Level 0.2 Conjurations
 + Level 0.2 Hexes
 + Level 0.2 Summonings
 + Level 0.2 Necromancy
 + Level 0.2 Translocations
 + Level 0.2 Transmutations
 + Level 0.2 Fire Magic
 + Level 0.2 Ice Magic
 + Level 0.2 Air Magic
 + Level 0.2 Earth Magic
 + Level 0.2 Poison Magic
 + Level 0.4 Invocations
 + Level 0.3 Evocations


You had one spell level left.
You didn't know any spells.
Your spell library was empty.

Dungeon Overview and Level Annotations

Branches:
Dungeon (6/15)             Temple (1/1) D:5

Altars:
Elyvilon
Makhleb
Nemelex Xobeh
Wu Jian
Yredelemnul

Annotations:
D:4 Sigmund


Innate Abilities, Weirdness & Mutations

You have very sharp teeth.
Your uncanny sense of smell can sniff out nearby items.
Your experience applies equally to all skills.


Message History

The kobold throws a stone.
The stone barely misses you.
The kobold throws a stone.
The stone misses you.
The kobold throws a stone.
The stone hits you but does no damage.
The kobold throws a stone.
The stone closely misses you.
Found an escape hatch in the floor.
There is an escape hatch in the floor here.
The kobold throws a stone.
The stone closely misses you.
You slide downwards.
The hatch slams shut behind you.
You hear the hiss of flowing sand.
There is an entrance to an ossuary on this level.
Hurry and find it before the portal is buried!
Level annotation: Sigmund You hear the quick hiss of a distant avalanche of sand.
Found 7 stones.
h - a scroll labelled WOMPAPEXZE Sigmund gestures wildly while chanting.
Sigmund flickers and vanishes!
Deactivating autopickup; reactivate with Ctrl-A.
The quokka bites you.
* * * LOW HITPOINT WARNING * * *
You barely miss the quokka. You bite the quokka, but do no damage.
The quokka attacks as you move away! The quokka misses you.
The quokka bites you.
* * * LOW HITPOINT WARNING * * *
The quokka attacks as you move away! The quokka barely misses you.
The quokka attacks as you move away!
The quokka bites you but does no damage.
The quokka barely misses you.
There is a stone staircase leading down here.
The quokka barely misses you.
You climb downwards.
Reactivating autopickup.
There is a stone staircase leading up here.
The quokka attacks as you move away! The quokka bites you.
* * * LOW HITPOINT WARNING * * *
The quokka attacks as you move away! The quokka closely misses you.
The centaur shouts!
The centaur wields a +0 shortbow.
The centaur shoots an arrow.
The arrow hits you.
You die...
Your body rises from the dead as a mindless zombie.

#...##..............
#...##.....##.8.#.#.
#"..........###.#.#.
#...o......## #..#
#..........# ....
#.....##.#.# ..#.
#.<...##.##.# #s#
###r####.# #.. #@#
... #.# #.# ... .#
#.c ..... #
##..[.... #.. #..
#.. #.#


You could see a centaur, an orc priest and a quokka.

Vanquished Creatures
  3 orcs (D:3)
  A bat (D:3)
  An endoplasm (D:3)
  A ball python (D:3)
  A frilled lizard (D:3)
  A kobold (D:3)
8 creatures vanquished.

Vanquished Creatures (others)
  An endoplasm zombie (D:3)
1 creature vanquished.

Grand Total: 9 creatures vanquished

Notes
Turn   | Place    | Note
-------+----------+-------------------------------------------
     0 | D:5      | Reached skill level 9 in Stealth
     0 | D:5      | MisterFreud the Gnoll Delver began the quest for the Orb.
     0 | D:5      | Reached XP level 1. HP: 23/23 MP: 1/1
     1 | D:6      | Noticed a hound
     7 | D:5      | Noticed an orc priest
    27 | D:5      | Found a staircase to the Ecumenical Temple.
    27 | D:5      | Noticed a water moccasin
    34 | D:5      | Noticed a scorpion
    36 | Temple   | Entered the Ecumenical Temple
   249 | Temple   | Became a worshipper of Yredelemnul the Dark
   286 | D:5      | HP: 1/23 [orc priest/divine providence (13)]
   290 | D:5      | Noticed a centaur
   297 | D:4      | Noticed Sigmund
   681 | D:3      | Reached XP level 2. HP: 19/29 MP: 2/2
   819 | D:5      | Shot with an arrow by a centaur

Illustrated notes

Levels and vault maps discovered:
D:3:      layout_basic, mainiacjoe_overflow_tiny_flanked, cheibriados_altar_1,
          serial_shops, nicolae_diamond_shop, corexii_shack
D:4:      layout_loops_ring, gup_ossuary_entry_pyramid, minmay_close_crescents,
          uniq_sigmund
D:5:      layout_loops_ring, minmay_temple_entry_statues_pillars
D:6:      layout_basic, hangedman_abyss_or_decor_stabs, nicolae_grassy_gnolls
Temple:   oiseaux_autumnal_temple

Skill      XL: | |
---------------+-+-----
Stealth        | |  9.5
Fighting       | |  6.4
Short Blades   | |  4.4
Long Blades    | |  0.3
Axes           | |  0.3
Maces & Flails | |  0.3
Polearms       | |  0.3
Staves         | |  0.3
Ranged Weapons | |  0.3
Throwing       | |  0.3
Armour         | |  0.3
Dodging        | |  4.4
Shields        | |  0.3
Unarmed Combat | |  0.3
Spellcasting   | |  0.3
Conjurations   | |  0.2
Hexes          | |  0.2
Summonings     | |  0.2
Necromancy     | |  0.2
Translocations | |  0.2
Transmutations | |  0.2
Fire Magic     | |  0.2
Ice Magic      | |  0.2
Air Magic      | |  0.2
Earth Magic    | |  0.2
Poison Magic   | |  0.2
Invocations    | |  0.4
Evocations     | |  0.3

Action                   || total
-------------------------++-------
Melee: Short sword       ||    39
       Bite              ||     5
  Use: Scroll            ||     1
 Stab: Sleeping          ||     1
Armor: Leather armour    ||    12
Dodge: Dodged            ||    33
